AoeStats
← Dengalenga

Nomad

509457938Analyzed
4v4 RM · 7d ago on Sep 26, 2026· 45m 32s· 8 players
Game mode
Random Map
Map size
231×231
Population
200
Speed
Normal
Resources
Standard
Victory
Conquest
Starting age
Dark Age
Ending age
Imperial Age
RankedLock teamsTeams togetherTeam positionsShared explorationLock speedFull tech treeHidden civsTurbo modeCheats
Victory
Defeat
🇵🇹 Varangians · Portugal
1337
+11
🇲🇿 Portuguese · Mozambique
1233
+16
🇩🇰 Wu · Denmark
1186
+19
🇲🇿 Spanish · Mozambique
1169
+18
🇩🇪 Vikings · Germany
1228
-16
🇦🇷 Japanese · Argentina
1228
-16
🇹🇷 Celts · Türkiye
1223
-16
🇧🇪 Magyars · Belgium
1221
-16
sabin_schy
13:47 Feudal Age
13:07 Loom
15:28 Double-Bit Axe
15:35 Fishing Lines
16:08 Horse Collar
18:48 Wheelbarrow
19:38 Gold Mining
20:51 Fletching
21:08 Scale Barding Armor
25:33 Castle Age
24:26 Bloodlines
25:35 Light Cavalry
26:40 Bow Saw
26:50 Gillnets
27:12 Medium Warships
27:25 Bodkin Arrow
28:12 Guard Tower
28:35 Masonry
28:28 Murder Holes
29:58 Heated Shot
30:46 Ballistics
32:02 Stone Mining
32:48 Gold Shaft Mining
32:40 Husbandry
36:03 Treadmill Crane
36:47 Chain Barding Armor
38:14 Hand Cart
43:27 Corvinian Army
szedler
6:02 Loom
13:50 Feudal Age
18:27 Castle Age
19:11 Crossbowman
20:04 Fletching
30:04 Horse Collar
32:48 Ballistics
32:48 Bodkin Arrow
32:54 Padded Archer Armor
36:26 Imperial Age
34:07 Gold Mining
35:46 Leather Archer Armor
35:38 Double-Bit Axe
35:56 Heavy Plow
36:35 Capped Ram
36:41 Arbalester
38:12 Gold Shaft Mining
37:43 Bracer
41:08 Bow Saw
misspa
5:00 Loom
13:36 Feudal Age
14:02 Double-Bit Axe
21:10 Castle Age
19:18 Stone Mining
21:07 Fishing Lines
21:19 Horse Collar
21:34 Gold Mining
22:14 Medium Warships
22:35 Fletching
25:09 Wheelbarrow
25:49 Forging
25:39 Scale Mail Armor
38:53 Bow Saw
sweetyboy
4:56 Loom
13:39 Feudal Age
18:08 Castle Age
15:59 Double-Bit Axe
18:08 Horse Collar
18:56 Heavy Plow
26:36 Forging
26:39 Man-at-Arms
27:05 Gambesons
27:55 Scale Mail Armor
27:49 Long Swordsman
30:00 Iron Casting
29:40 Chain Mail Armor
31:39 Wheelbarrow
31:24 Bow Saw
32:58 Heavy Plow
35:27 Arson
42:36 Chain Mail Armor
47:54 Imperial Age
Doctorbonus
6:45 Loom
14:15 Feudal Age
15:10 Double-Bit Axe
15:32 Town Watch
17:16 Wheelbarrow
20:10 Castle Age
18:43 Fishing Lines
18:55 Fletching
21:15 Bow Saw
20:57 Gillnets
21:20 Medium Warships
21:23 Scale Mail Armor
22:13 Gold Mining
23:48 Chain Mail Armor
24:17 Squires
27:26 Gold Shaft Mining
26:38 Horse Collar
27:18 Forging
35:02 Imperial Age
32:23 Arson
33:07 Ballistics
32:47 Bodkin Arrow
32:46 Stone Mining
34:19 Hand Cart
34:42 Stone Shaft Mining
34:11 Heavy Plow
35:57 Murder Holes
36:03 Bracer
41:35 Pikeman
42:56 Padded Archer Armor
44:43 Conscription
46:41 Chemistry
Dengalenga
4:00 Loom
5:21 Loom
14:43 Feudal Age
22:31 Castle Age
21:07 Gold Mining
21:15 Fletching
21:27 Padded Archer Armor
22:43 Crossbowman
23:22 Bodkin Arrow
23:43 Leather Archer Armor
30:35 Ballistics
36:47 Double-Bit Axe
Ociru3
6:48 Loom
15:59 Feudal Age
24:36 Castle Age
31:30 Wheelbarrow
30:52 Fletching
31:01 Double-Bit Axe
33:09 Bow Saw
33:24 Horse Collar
33:56 Gold Mining
38:53 Padded Archer Armor
40:18 Elite Skirmisher
42:39 Fishing Lines
44:43 Hand Cart
44:29 Gillnets
Ora Viva
4:36 Loom
12:20 Feudal Age
12:58 Double-Bit Axe
21:04 Castle Age
19:58 Gold Mining
20:29 Stone Mining
21:59 Medium Warships
22:11 Bow Saw
24:29 Fletching
25:42 Wheelbarrow
26:17 Bodkin Arrow
26:12 Fishing Lines
27:14 Hand Cart
28:52 Gillnets
32:12 Stone Shaft Mining
35:01 Imperial Age
32:30 Horse Collar
33:59 Forging
33:54 Scale Barding Armor
35:35 Iron Casting
35:56 Chain Barding Armor
36:03 Bracer
37:07 Blast Furnace
36:39 Bloodlines
36:29 Husbandry
37:54 Chemistry
37:00 Siege Engineers
36:36 Treadmill Crane
37:34 Conscription
38:32 Plate Barding Armor
38:25 Elite Jarl
40:56 Light Cavalry
41:38 Hussar
44:20 Ballistics
44:43 Bracer
Connection lost

Rejoining the realm…

Still unreachable

The connection could not be restored.

Session expired

The server has moved on; the page needs a fresh start.